Map: 凱羅斯交會點 - 天梯版

Players

Has

  • Race: Protoss Protoss
  • League: Master
  • Spawn Location: 11:00

Aventador (Oliveira) - Winner!

  • Race: Terran Terran
  • League: Master
  • Spawn Location: 5:00

Event: IEM Season 13 - Katowice Server Qualifiers America

VOD

Have the link to the VOD?

Description

Time

  • Played on: Jan. 6, 2019, 4:46 p.m.
  • Length: 8:44

All games in this series

Show
View Real Time Build Order
Export as new Build Order

Has Protoss 

Build Orders: Phoenix Opening 

Get SALT Encoding   

  12  0:00  Probe  
  13  0:13  Probe  
  14  0:17  Pylon  
  14  0:23  Probe  
  15  0:32  Probe  
  15  0:37  Gateway  
  15  0:40  Probe  
  16  0:49  Assimilator  
  17  0:51  Probe  
  17  0:55  Assimilator  
  18  1:00  Probe  
  19  1:08  Probe  
  19  1:17  Probe  
  21  1:29  Probe, Cybernetics Core  
  22  1:35  Pylon  
  22  1:41  Probe  
  23  1:57  Nexus  
  23  2:06  Stargate  
  23  2:13  Stalker  
  25  2:17  Warp Gate  
  25  2:20  Probe  
  26  2:29  Pylon  
  26  2:32  Probe  
  27  2:42  Phoenix  
  27  2:43  Stalker  
  31  2:52  Probe  
  32  3:03  Phoenix  
  32  3:04  Probe  
  32  3:09  Probe  
  35  3:16  Probe  
  36  3:20  Phoenix  
  36  3:21  Probe  
  36  3:22  Pylon  
  37  3:32  Probe  
  37  3:33  Probe  
  41  3:43  Robotics Facility  
  41  3:44  Probe  
  41  3:48  Probe  
  43  3:52  Phoenix  
  45  3:57  Probe  
  45  4:00  Probe  
  47  4:09  Probe  
  48  4:12  Pylon  
  48  4:14  Probe  
  49  4:18  Gateway  
  49  4:21  Probe  
  49  4:22  Gateway  
  53  4:36  Nexus  
  53  4:37  Observer  
  53  4:38  Sentry  
  52  4:43  Probe  
  54  4:46  Probe  
  55  4:54  Gateway, Immortal, Forge  
  55  4:56  Probe  
  56  5:05  Probe  
  61  5:08  Probe  
  61  5:20  Probe x2  
  62  5:24  Immortal  
  62  5:35  Sentry  
  69  5:40  Gateway  
  68  5:43  Gateway  
  68  5:46  Probe x2, Gateway  
  70  5:53  Probe, Twilight Council  
  71  5:58  Warp Prism, Probe x2  
  73  6:04  Protoss Ground Armor Level 1  
  73  6:05  Probe  
  73  6:10  Probe  
  77  6:13  Pylon  
  77  6:15  Pylon  
  77  6:18  Charge  
  77  6:21  Gateway  
  77  6:23  Gateway  
  77  6:26  Zealot x2  
  77  6:27  Zealot  
  77  6:30  Probe  
  77  6:32  Probe  
  85  6:33  Probe  
  86  6:46  Probe x3  
  89  6:49  Immortal, Pylon  
  89  6:50  Pylon  
  93  6:59  Probe  
  94  7:09  Forge  
  94  7:11  Gateway  
  94  7:14  Gateway  
  86  7:16  Zealot  
  86  7:17  Zealot x2  
  86  7:21  Sentry, Zealot x2, Nexus  
  90  7:25  Zealot x3  
  87  7:38  Zealot x3  
  87  7:44  Zealot  
  91  7:45  Zealot  
  91  7:48  Zealot x4  
  84  8:02  Zealot  
  76  8:10  Zealot  
  77  8:16  Zealot  
  69  8:20  Pylon  
  69  8:22  Probe x2  
  69  8:25  Pylon  
  66  8:27  Zealot  
  66  8:28  Zealot  
Show
View Real Time Build Order
Export as new Build Order

Aventador Terran - Winner!

Build Orders: Cyclone Opening 

Get SALT Encoding   

  12  0:01  SCV  
  13  0:13  SCV  
  14  0:17  Supply Depot  
  14  0:25  SCV  
  15  0:39  SCV  
  15  0:42  Barracks  
  16  0:46  Refinery  
  16  0:51  SCV  
  16  0:55  Refinery  
  17  1:03  SCV  
  18  1:15  SCV  
  19  1:30  Reaper, Orbital Command  
  20  1:35  Supply Depot  
  20  1:45  Factory  
  20  1:57  SCV  
  21  2:09  SCV  
  21  2:14  Barracks Reactor  
  22  2:21  SCV  
  23  2:29  Factory Tech Lab  
  23  2:31  Command Center  
  23  2:33  SCV  
  24  2:42  Starport  
  24  2:45  SCV  
  24  2:48  Cyclone  
  28  2:54  Marine, Supply Depot  
  28  2:56  Marine  
  30  3:00  SCV  
  31  3:15  Marine x2, SCV  
  34  3:27  SCV  
  34  3:28  Raven  
  34  3:29  Factory Tech Lab  
  34  3:33  Marine x2  
  39  3:39  Barracks  
  39  3:43  SCV, Orbital Command  
  40  3:51  Siege Tank  
  40  3:55  Marine, SCV  
  44  3:56  Marine  
  45  4:05  Orbital Command  
  45  4:13  Marine  
  45  4:14  Marine  
  47  4:18  SCV  
  48  4:25  Siege Tank  
  48  4:30  SCV  
  48  4:31  Marine, SCV  
  53  4:35  Supply Depot  
  54  4:40  Supply Depot  
  54  4:42  Stimpack  
  54  4:53  Supply Depot  
  54  4:55  Starport Reactor  
  54  4:56  Marine x2  
  54  4:57  SCV x2  
  54  4:59  Barracks  
  57  5:03  Marine, Engineering Bay  
  56  5:09  SCV x2  
  58  5:14  Marine x2  
  58  5:20  Siege Tank  
  58  5:21  Marine, SCV x2  
  66  5:32  Marine x2  
  66  5:33  SCV  
  66  5:35  SCV, Terran Infantry Weapons Level 1  
  68  5:37  Refinery  
  68  5:40  Supply Depot  
  68  5:41  Marine, Starport Reactor  
  69  5:45  SCV  
  69  5:48  SCV  
  69  5:49  Supply Depot  
  71  5:52  Marine x2  
  71  5:53  Marine x2  
  71  5:56  Siege Tank  
  78  6:02  SCV x2  
  78  6:03  Supply Depot  
  80  6:07  Marine  
  80  6:09  Marine  
  80  6:11  Supply Depot  
  80  6:14  SCV x2  
  80  6:15  Marine x2  
  80  6:16  Marine  
  85  6:23  Medivac  
  85  6:24  Medivac  
  89  6:26  Marine  
  89  6:27  SCV  
  89  6:28  SCV  
  89  6:32  Marine  
  93  6:33  Supply Depot  
  93  6:37  Siege Tank  
  95  6:41  SCV x2  
  95  6:43  Refinery  
  95  6:45  Marine x2  
  98  6:48  Combat Shield  
  98  6:49  Marine x2  
  98  6:53  SCV x2  
  101  6:58  Supply Depot  
  99  7:01  Marine  
  99  7:02  Marine  
  99  7:07  Marine, Medivac  
  104  7:11  Supply Depot  
  101  7:16  Marine  
  101  7:20  Medivac  
  104  7:22  Marine  
  104  7:23  Marine  
  104  7:26  Missile Turret  
  104  7:27  Marine x2, Missile Turret  
  104  7:29  Siege Tank  
  111  7:34  Marine, SCV  
  112  7:39  Medivac  
  112  7:40  Marine x2  
  116  7:46  Marine  
  116  7:47  Marine  
  115  7:52  Marine, Medivac  
  118  7:58  Marine  
  118  7:59  Marine  
  112  8:07  Marine x2  
  112  8:11  Marine, Siege Tank  
  93  8:24  Marine, SCV  
  93  8:25  Marine  
  93  8:26  Command Center  
  93  8:35  Barracks  
  93  8:36  Barracks  

Tags
 
Add a new tag
Caveats
  • Supply blocks, unpowered buildings, or Contaminate may cause inaccurate times.
  • Supply counts are checked every 10 seconds.